| TOP OF THE 1ST |
|
Great Lakes Loons batting - Pitching for South Bend Cubs : RHP Steve Vint
|
|
Pitching: RHP Steve Vint
|
|
|
Batting: RHB Pablo Lopez
|
0-0: Called Strike 0-1: Ball 1-1: Foul Ball, location: 2F 1-2: Foul Ball, location: 2F 1-2: Ball 2-2: Ball 3-2: DOUBLE (Line Drive, 9LS, EV 90.6 MPH)
|
|
Batting: SHB Hank Arias
|
0-0: Ball Pablo Lopez steals 3rd base 1-0: Reached on error, E3 (Groundball, 3, EV 92.5 MPH) Pablo Lopez scores
|
|
Batting: RHB Jonathan Kirsch
|
0-0: Ball Hank Arias is caught stealing 2nd base 2-4 1-0: Ball 2-0: Ball 3-0: Called Strike 3-1: Base on Balls
|
|
Batting: LHB Jim Jardine
|
0-0: Called Strike 0-1: Ball 1-1: Ball 2-1: Called Strike 2-2: Foul Ball, location: 2F 2-2: Foul Ball, location: 2F 2-2: Foul Ball, location: 2F 2-2: Foul Ball, location: 2F 2-2: SINGLE (Groundball, 6MD, EV 106.2 MPH) Jonathan Kirsch to second Runner from 2nd tries for 3rd, SAFE, throw by CF made to third
|
|
Pitching: RHP Melvin Orengo
|
|
|
Batting: RHB Eddie Perry
|
0-0: Called Strike 0-1: Ball 1-1: Ball 2-1: Foul Ball, location: 2F 2-2: Fly out, F8 (Flyball, 8RD, EV 102.5 MPH)
|
|
Batting: LHB Josh Moore
|
0-0: Called Strike 0-1: SINGLE (Groundball, 4, EV 95.0 MPH) Jonathan Kirsch scores Jim Jardine to second Runner from 2nd tries for 3rd, OUT! 8-5
|
| Top of the 1st over - 2 runs, 3 hits, 1 error, 1 left on base; Great Lakes 2 - South Bend 0 |
| BOTTOM OF THE 1ST |
|
South Bend Cubs batting - Pitching for Great Lakes Loons : RHP Loc Pham
|
|
Pitching: RHP Loc Pham
|
|
|
Batting: RHB Dan Orozco
|
0-0: Ball 1-0: Ball 2-0: Foul Ball, location: 2F 2-1: Foul Ball, location: 2F 2-2: Foul Ball, location: 2F 2-2: Ball 3-2: Foul Ball, location: 2F 3-2: Foul Ball, location: 2F 3-2: Ground out 6-3 (Groundball, 6, EV 103.1 MPH)
|
|
Batting: RHB Adrian Cox
|
0-0: Foul Ball, location: 2F 0-1: Swinging Strike 0-2: Ball 1-2: SINGLE (Groundball, 15S, EV 69.4 MPH) (infield hit)
|
|
Batting: RHB Erik Smith
|
0-0: Ball Adrian Cox steals 2nd base 1-0: Swinging Strike 1-1: Ball Adrian Cox steals 3rd base 2-1: Called Strike 2-2: Strikes out looking
|
|
Batting: RHB Mike Stein
|
0-0: Ball 1-0: Called Strike 1-1: Swinging Strike 1-2: Strikes out looking
|
| Bottom of the 1st over - 0 runs, 1 hit, 0 errors, 1 left on base; Great Lakes 2 - South Bend 0 |
| TOP OF THE 2ND |
|
Great Lakes Loons batting - Pitching for South Bend Cubs : RHP Melvin Orengo
|
|
Batting: RHB Alex Melgoza
|
0-0: Ball 1-0: Called Strike 1-1: Ball 2-1: Called Strike 2-2: Foul Ball, location: 2F 2-2: Strikes out swinging
|
|
Batting: SHB Danny Jensen
|
0-0: Ball 1-0: Foul Ball, location: 2F 1-1: SINGLE (Groundball, 25, EV 66.9 MPH) (infield hit)
|
|
Batting: RHB Ingidayehu Lagat
|
0-0: Ball 1-0: Called Strike Danny Jensen is caught stealing 2nd base 2-4 1-1: Called Strike 1-2: Ball 2-2: Foul Ball, location: 2F 2-2: Ball 3-2: Foul Ball, location: 2F 3-2: SINGLE (Line Drive, 3D, EV 109.4 MPH)
|
|
Pitching: RHP Angel Pesina
|
|
|
Batting: RHB Pablo Lopez
|
0-0: Ball 1-0: Ground out 5-3 (Groundball, 56S, EV 78.1 MPH)
|
| Top of the 2nd over - 0 runs, 2 hits, 0 errors, 1 left on base; Great Lakes 2 - South Bend 0 |
| BOTTOM OF THE 2ND |
|
South Bend Cubs batting - Pitching for Great Lakes Loons : RHP Loc Pham
|
|
Batting: RHB Mike Hill
|
0-0: Ball 1-0: Ball 2-0: Swinging Strike 2-1: Swinging Strike 2-2: Ball 3-2: Foul Ball, location: 2F 3-2: Foul Ball, location: 2F 3-2: Fly out, F8 (Flyball, 8LXD, EV 95.0 MPH)
|
|
Batting: RHB Dave de Wolff
|
0-0: Swinging Strike 0-1: Ball 1-1: Ball 2-1: SINGLE (Groundball, 56D, EV 103.1 MPH)
|
|
Batting: RHB Ryan Bush
|
0-0: Ball 1-0: Called Strike 1-1: Called Strike Dave de Wolff steals 2nd base 1-2: Foul Ball, location: 2F 1-2: Foul Ball, location: 2F 1-2: Ground out U3 (Groundball, 23, EV 76.9 MPH) Dave de Wolff to third
|
|
Batting: RHB Victor Ramirez
|
0-0: Ball 1-0: Ball 2-0: SINGLE (Line Drive, 34D, EV 105.6 MPH) Dave de Wolff scores
|
|
Batting: RHB Gilberto Alvarado
|
0-0: Ball 1-0: Ball 2-0: Ball 3-0: Called Strike 3-1: Fly out, F7 (Flyball, 7S, EV 93.1 MPH)
|
| Bottom of the 2nd over - 1 run, 2 hits, 0 errors, 1 left on base; Great Lakes 2 - South Bend 1 |
| TOP OF THE 3RD |
|
Great Lakes Loons batting - Pitching for South Bend Cubs : RHP Angel Pesina
|
|
Batting: SHB Hank Arias
|
0-0: Called Strike 0-1: Foul Ball, location: 2F 0-2: Ball 1-2: Strikes out looking
|
|
Batting: RHB Jonathan Kirsch
|
0-0: Ball 1-0: Reached on error, E5 (Groundball, 56S, EV 76.2 MPH)
|
|
Batting: LHB Jim Jardine
|
0-0: Ball 1-0: Fly out, F8 (Flyball, 8LM, EV 88.8 MPH)
|
|
Batting: RHB Eddie Perry
|
0-0: Ball 1-0: Ground out 6-3 (Groundball, 6, EV 85.0 MPH)
|
| Top of the 3rd over - 0 runs, 0 hits, 1 error, 1 left on base; Great Lakes 2 - South Bend 1 |
| BOTTOM OF THE 3RD |
|
South Bend Cubs batting - Pitching for Great Lakes Loons : RHP Loc Pham
|
|
Batting: RHB Dan Orozco
|
0-0: Ball 1-0: Ball 2-0: Foul Ball, location: 2F 2-1: Fly out, F7 (Flyball, 78S, EV 83.1 MPH)
|
|
Batting: RHB Adrian Cox
|
0-0: Called Strike 0-1: Called Strike 0-2: Foul Ball, location: 2F 0-2: Strikes out looking
|
|
Batting: RHB Erik Smith
|
0-0: Ball 1-0: Ball 2-0: SINGLE (Groundball, 6MD, EV 101.2 MPH)
|
|
Batting: RHB Mike Stein
|
0-0: Ball 1-0: Swinging Strike 1-1: Ball 2-1: Ball 3-1: Foul Ball, location: 2F 3-2: Strikes out looking
|
| Bottom of the 3rd over - 0 runs, 1 hit, 0 errors, 1 left on base; Great Lakes 2 - South Bend 1 |
| TOP OF THE 4TH |
|
Great Lakes Loons batting - Pitching for South Bend Cubs : RHP Angel Pesina
|
|
Batting: LHB Josh Moore
|
0-0: Ball 1-0: SINGLE (Groundball, 4MS, EV 68.1 MPH) (infield hit)
|
|
Batting: RHB Alex Melgoza
|
0-0: Called Strike 0-1: Ball 1-1: Ball 2-1: Foul Ball, location: 2F 2-2: Grounds into double play, 6-4-3 (Groundball, 6M, EV 90.6 MPH)
|
|
Pitching: LHP Dusty Blubaugh
|
|
|
Batting: SHB Danny Jensen
|
0-0: SINGLE (Groundball, 15S, EV 68.1 MPH) (infield hit)
|
|
Batting: RHB Ingidayehu Lagat
|
0-0: Ball Danny Jensen steals 2nd, throwing error, E2 Danny Jensen to third 1-0: Foul Ball, location: 2F 1-1: Ball 2-1: Called Strike 2-2: Foul Ball, location: 2F 2-2: Fly out, F8 (Line Drive, 78D, EV 95.6 MPH)
|
| Top of the 4th over - 0 runs, 2 hits, 1 error, 1 left on base; Great Lakes 2 - South Bend 1 |
| BOTTOM OF THE 4TH |
|
South Bend Cubs batting - Pitching for Great Lakes Loons : RHP Loc Pham
|
|
Batting: RHB Mike Hill
|
0-0: Called Strike 0-1: Ball 1-1: Fly out, F6 (Line Drive, 6M, EV 71.9 MPH)
|
|
Batting: RHB Dave de Wolff
|
0-0: Swinging Strike 0-1: Foul Ball, location: 2F 0-2: Ground out U3 (Groundball, 34S, EV 81.9 MPH)
|
|
Batting: RHB Ryan Bush
|
0-0: Foul Ball, location: 2F 0-1: Ball 1-1: Swinging Strike 1-2: Strikes out swinging
|
| Bottom of the 4th over - 0 runs, 0 hits, 0 errors, 0 left on base; Great Lakes 2 - South Bend 1 |
| TOP OF THE 5TH |
|
Great Lakes Loons batting - Pitching for South Bend Cubs : LHP Dusty Blubaugh
|
|
Batting: RHB Pablo Lopez
|
0-0: Foul Ball, location: 2F 0-1: Foul Ball, location: 2F 0-2: Ball 1-2: Ball 2-2: Ground out 4-3 (Groundball, 4, EV 85.0 MPH)
|
|
Batting: SHB Hank Arias
|
0-0: Ball 1-0: Ball 2-0: Swinging Strike 2-1: Ball 3-1: Fly out, F5 (Popup, 5SF, EV 71.2 MPH)
|
|
Batting: RHB Jonathan Kirsch
|
0-0: Ball 1-0: SOLO HOME RUN (Flyball, 7D, EV 99.4 MPH), Distance : 389 ft
|
|
Pitching: LHP Mike Anderson
|
|
|
Batting: LHB Jim Jardine
|
0-0: Ball 1-0: Ground out U3 (Groundball, 3, EV 87.5 MPH)
|
| Top of the 5th over - 1 run, 1 hit, 0 errors, 0 left on base; Great Lakes 3 - South Bend 1 |
| BOTTOM OF THE 5TH |
|
South Bend Cubs batting - Pitching for Great Lakes Loons : RHP Loc Pham
|
|
Batting: RHB Victor Ramirez
|
0-0: Ball 1-0: Called Strike 1-1: Called Strike 1-2: Foul Ball, location: 2F 1-2: Foul Ball, location: 2F 1-2: Foul Ball, location: 2F 1-2: Strikes out swinging
|
|
Batting: RHB Gilberto Alvarado
|
0-0: Ball 1-0: Foul Ball, location: 2F 1-1: Ball 2-1: Ground out 4-3 (Groundball, 4, EV 106.2 MPH)
|
|
Batting: RHB Dan Orozco
|
0-0: Called Strike 0-1: Foul Ball, location: 2F 0-2: Strikes out swinging
|
| Bottom of the 5th over - 0 runs, 0 hits, 0 errors, 0 left on base; Great Lakes 3 - South Bend 1 |
| TOP OF THE 6TH |
|
Great Lakes Loons batting - Pitching for South Bend Cubs : LHP Mike Anderson
|
|
Batting: RHB Eddie Perry
|
0-0: Ball 1-0: Ball 2-0: SOLO HOME RUN (Flyball, 7D, EV 108.1 MPH), Distance : 394 ft
|
|
Batting: LHB Josh Moore
|
0-0: Ball 1-0: Foul Ball, location: 2F 1-1: Ball 2-1: Foul Ball, location: 2F 2-2: Ball 3-2: Foul Ball, location: 2F 3-2: Foul Ball, location: 2F 3-2: Base on Balls
|
|
Batting: RHB Alex Melgoza
|
0-0: Ball Josh Moore steals 2nd base 1-0: Foul Ball, location: 2F 1-1: Ball 2-1: Ball 3-1: Foul Ball, location: 2F 3-2: 2-RUN HOME RUN (Flyball, 7D, EV 108.8 MPH), Distance : 401 ft
|
|
Pitching: RHP Andrew Dopp
|
|
|
Batting: SHB Danny Jensen
|
0-0: Foul Ball, location: 2F 0-1: Ball 1-1: Swinging Strike 1-2: Ground out 3-1 (Groundball, 34S, EV 80.6 MPH)
|
|
Batting: RHB Ingidayehu Lagat
|
0-0: Ball 1-0: Foul Ball, location: 2F 1-1: Ball 2-1: SINGLE (Groundball, 56S, EV 66.9 MPH) (infield hit)
|
|
Batting: RHB Pablo Lopez
|
0-0: Called Strike 0-1: Foul Ball, location: 2F 0-2: Ball 1-2: Reached on error, E5 (Groundball, 56, EV 105.6 MPH) Ingidayehu Lagat to second
|
|
Batting: SHB Hank Arias
|
0-0: Ball 1-0: Ball 2-0: Ball 3-0: Swinging Strike 3-1: Called Strike 3-2: Base on Balls Ingidayehu Lagat to third Pablo Lopez to second
|
|
Batting: RHB Jonathan Kirsch
|
0-0: SINGLE (Groundball, 5D, EV 100.6 MPH) Ingidayehu Lagat scores Pablo Lopez to third Hank Arias to second Runner from 3rd tries for Home, throw by LF and OUT! 7-2 Hank Arias to third Jonathan Kirsch to second
|
|
Batting: LHB Jim Jardine
|
0-0: Called Strike 0-1: Ball 1-1: Foul Ball, location: 2F 1-2: Strikes out swinging
|
| Top of the 6th over - 4 runs, 4 hits, 1 error, 2 left on base; Great Lakes 7 - South Bend 1 |
| BOTTOM OF THE 6TH |
|
South Bend Cubs batting - Pitching for Great Lakes Loons : RHP Loc Pham
|
|
Batting: RHB Adrian Cox
|
0-0: Ball 1-0: Called Strike 1-1: Ball 2-1: Fly out, F8 (Line Drive, 8RD, EV 93.1 MPH)
|
|
Pitching: RHP Steve Pierson
|
|
|
Batting: RHB Erik Smith
|
0-0: Swinging Strike 0-1: Foul Ball, location: 2F 0-2: Foul Ball, location: 2F 0-2: Ball 1-2: Strikes out swinging
|
|
Batting: RHB Mike Stein
|
0-0: Ball 1-0: Called Strike 1-1: Foul Ball, location: 2F 1-2: Ball 2-2: Ball 3-2: Strikes out looking
|
| Bottom of the 6th over - 0 runs, 0 hits, 0 errors, 0 left on base; Great Lakes 7 - South Bend 1 |
| TOP OF THE 7TH |
|
Great Lakes Loons batting - Pitching for South Bend Cubs : RHP Andrew Dopp
|
|
Batting: RHB Eddie Perry
|
0-0: SINGLE (Flyball, 78S, EV 88.8 MPH)
|
|
Batting: LHB Josh Moore
|
0-0: SINGLE (Line Drive, 8LS, EV 93.1 MPH) Eddie Perry to second
|
|
Batting: RHB Alex Melgoza
|
0-0: Foul Ball, location: 2F 0-1: Ball 1-1: Foul Ball, location: 2F 1-2: Fly out, F8 (Flyball, 78D, EV 104.4 MPH)
|
|
Batting: SHB Danny Jensen
|
0-0: SINGLE (Groundball, 25, EV 71.9 MPH) (infield hit) Eddie Perry to third Josh Moore to second
|
|
Batting: RHB Ingidayehu Lagat
|
0-0: Ball 1-0: Swinging Strike 1-1: Called Strike 1-2: Foul Ball, location: 2F 1-2: Ball 2-2: GRAND SLAM HOME RUN (Flyball, 9D, EV 108.1 MPH), Distance : 409 ft
|
|
Pitching: RHP Josh Burns
|
|
|
Batting: RHB Pablo Lopez
|
0-0: Ball 1-0: Called Strike 1-1: Foul Ball, location: 2F 1-2: Ball 2-2: SOLO HOME RUN (Flyball, 7LD, EV 92.5 MPH), Distance : 351 ft
|
|
Batting: SHB Hank Arias
|
0-0: Ball 1-0: Ball 2-0: Ball 3-0: Called Strike 3-1: Base on Balls
|
|
Batting: RHB Jonathan Kirsch
|
0-0: Ball 1-0: Ball 2-0: Foul Ball, location: 2F 2-1: Swinging Strike 2-2: Fielders Choice at 2nd, 4-6 (Groundball, 4, EV 86.9 MPH)
|
|
Batting: LHB Jim Jardine
|
0-0: Called Strike 0-1: Ball 1-1: Ball 2-1: Foul Ball, location: 2F 2-2: Ball 3-2: DOUBLE (Line Drive, 7LS, EV 96.9 MPH) Jonathan Kirsch to third Jonathan Kirsch scores
|
|
Batting: RHB Eddie Perry
|
0-0: Foul Ball, location: 2F 0-1: Ball 1-1: Called Strike 1-2: Ball 2-2: Ground out 5-3 (Groundball, 56, EV 84.4 MPH)
|
| Top of the 7th over - 6 runs, 6 hits, 0 errors, 1 left on base; Great Lakes 13 - South Bend 1 |
| BOTTOM OF THE 7TH |
|
South Bend Cubs batting - Pitching for Great Lakes Loons : RHP Steve Pierson
|
|
Batting: RHB Mike Hill
|
0-0: Ball 1-0: Ball 2-0: Called Strike 2-1: SINGLE (Line Drive, 7S, EV 96.2 MPH)
|
|
Batting: RHB Dave de Wolff
|
0-0: Called Strike Mike Hill steals 2nd base (no throw) 0-1: Ball 1-1: Swinging Strike 1-2: Ball 2-2: Ball 3-2: Fly out, F8 (Flyball, 8LM, EV 99.4 MPH)
|
|
Batting: RHB Ryan Bush
|
0-0: Foul Ball, location: 2F 0-1: Ball 1-1: Foul Ball, location: 2F 1-2: Strikes out looking
|
|
Batting: RHB Victor Ramirez
|
0-0: Ball 1-0: Called Strike 1-1: Called Strike 1-2: Strikes out swinging
|
| Bottom of the 7th over - 0 runs, 1 hit, 0 errors, 1 left on base; Great Lakes 13 - South Bend 1 |
| TOP OF THE 8TH |
|
Great Lakes Loons batting - Pitching for South Bend Cubs : RHP Josh Burns
|
|
Batting: LHB Josh Moore
|
0-0: Foul Ball, location: 2F 0-1: Called Strike 0-2: Foul Ball, location: 2F 0-2: Ball 1-2: SINGLE (Groundball, 4MD, EV 95.0 MPH)
|
|
Batting: RHB Alex Melgoza
|
0-0: Ball 1-0: Ball 2-0: Fly out, F4 (Popup, 4, EV 73.1 MPH)
|
|
Batting: SHB Danny Jensen
|
0-0: Ball 1-0: Ball 2-0: Ball 3-0: Base on Balls Josh Moore to second
|
|
Batting: RHB Ingidayehu Lagat
|
0-0: Ball 1-0: Ball 2-0: Foul Ball, location: 2F 2-1: Called Strike 2-2: Ball 3-2: Base on Balls Josh Moore to third Danny Jensen to second
|
|
Batting: RHB Pablo Lopez
|
0-0: Called Strike 0-1: Foul Ball, location: 2F 0-2: Strikes out swinging
|
|
Batting: SHB Hank Arias
|
0-0: Called Strike 0-1: Ball 1-1: Swinging Strike 1-2: Strikes out swinging
|
| Top of the 8th over - 0 runs, 1 hit, 0 errors, 3 left on base; Great Lakes 13 - South Bend 1 |
| BOTTOM OF THE 8TH |
|
South Bend Cubs batting - Pitching for Great Lakes Loons : RHP Steve Pierson
|
|
Batting: RHB Gilberto Alvarado
|
0-0: Ball 1-0: Ground out U3 (Groundball, 3, EV 81.9 MPH)
|
|
Batting: RHB Dan Orozco
|
0-0: Called Strike 0-1: Foul Ball, location: 2F 0-2: Foul Ball, location: 2F 0-2: Ground out 6-3 (Groundball, 6, EV 80.6 MPH)
|
|
Batting: RHB Adrian Cox
|
0-0: Ground out U3 (Groundball, 13, EV 95.6 MPH)
|
| Bottom of the 8th over - 0 runs, 0 hits, 0 errors, 0 left on base; Great Lakes 13 - South Bend 1 |
| TOP OF THE 9TH |
|
Great Lakes Loons batting - Pitching for South Bend Cubs : RHP Josh Burns
|
|
Batting: RHB Jonathan Kirsch
|
0-0: Foul Ball, location: 2F 0-1: SOLO HOME RUN (Flyball, 78XD, EV 102.5 MPH), Distance : 408 ft
|
|
Batting: LHB Jim Jardine
|
0-0: Ball 1-0: Ball 2-0: Ball 3-0: Called Strike 3-1: Base on Balls
|
|
Batting: RHB Eddie Perry
|
0-0: Ball 1-0: Ball 2-0: Called Strike 2-1: SINGLE (Groundball, 56D, EV 98.1 MPH) Jim Jardine to second
|
|
Batting: LHB Josh Moore
|
0-0: Foul Ball, location: 2F 0-1: Ball 1-1: Ball 2-1: Called Strike 2-2: Strikes out looking
|
|
Batting: RHB Alex Melgoza
|
0-0: Ball 1-0: Fly out, F9 (Flyball, 8RM, EV 96.2 MPH)
|
|
Batting: SHB Danny Jensen
|
0-0: Ball 1-0: Ball 2-0: Called Strike 2-1: Ball 3-1: Base on Balls Jim Jardine to third Eddie Perry to second
|
|
Batting: RHB Ingidayehu Lagat
|
0-0: Ball 1-0: Ball 2-0: Foul Ball, location: 2F 2-1: Ball 3-1: Base on Balls Jim Jardine scores Eddie Perry to third Danny Jensen to second
|
|
Pinch Hitting: SHB Josh Vaill
|
0-0: Ball 1-0: Called Strike 1-1: Ball 2-1: Called Strike Balk! Eddie Perry scores Danny Jensen to third Ingidayehu Lagat to second 2-2: Strikes out swinging
|
| Top of the 9th over - 3 runs, 2 hits, 0 errors, 2 left on base; Great Lakes 16 - South Bend 1 |
| BOTTOM OF THE 9TH |
|
South Bend Cubs batting - Pitching for Great Lakes Loons : RHP Steve Pierson
|
|
Now at 3B: Josh Vaill
|
|
|
Now at SS: Jim Jardine
|
|
|
Batting: RHB Erik Smith
|
0-0: Ball 1-0: Foul Ball, location: 2F 1-1: Ball 2-1: Foul Ball, location: 2F 2-2: Strikes out swinging
|
|
Batting: RHB Mike Stein
|
0-0: Called Strike 0-1: Foul Ball, location: 2F 0-2: Foul Ball, location: 2F 0-2: Ball 1-2: Foul Ball, location: 2F 1-2: Ground out U3 (Groundball, 23, EV 78.1 MPH)
|
|
Batting: RHB Mike Hill
|
0-0: Foul Ball, location: 2F 0-1: Foul Ball, location: 2F 0-2: Ground out 6-3 (Groundball, 6, EV 95.0 MPH)
|
| Bottom of the 9th over - 0 runs, 0 hits, 0 errors, 0 left on base; Great Lakes 16 - South Bend 1 |
|